Map: Overgrowth LE (Void)

Players

llllllllllll (Zest) - Winner!

  • Race: Protoss Protoss
  • League: Master
  • Spawn Location: 1:00

LiquidSnute (Snute)

  • Race: Zerg Zerg
  • League: Grandmaster
  • Spawn Location: 7:00

Event: NationWars IV

VOD

https://www.youtube.com/watch?v=xUfIBXP_SMU

Description

Time

  • Played on: Jan. 7, 2017, 11:18 a.m.
  • Length: 8:00

All games in this series

Show
View Real Time Build Order
Export as new Build Order

llllllllllll Protoss - Winner!

Build Orders: 1 Gate Expand 

Get SALT Encoding   

  12  0:00  Probe (Chrono Boost)  
  13  0:11  Probe (Chrono Boost)  
  14  0:17  Pylon  
  14  0:22  Probe (Chrono Boost)  
  15  0:36  Probe (Chrono Boost)  
  15  0:40  Gateway  
  16  0:46  Probe (Chrono Boost)  
  16  0:49  Assimilator  
  18  0:57  Probe (Chrono Boost)  
  18  1:07  Probe (Chrono Boost)  
  19  1:21  Nexus  
  19  1:24  Probe (Chrono Boost)  
  20  1:34  Cybernetics Core  
  20  1:37  Probe (Chrono Boost)  
  21  1:42  Assimilator  
  21  1:48  Probe (Chrono Boost)  
  21  1:51  Pylon  
  22  1:58  Probe (Chrono Boost)  
  23  2:07  Adept  
  23  2:10  Warp Gate  
  23  2:11  Probe (Chrono Boost)  
  27  2:23  Probe (Chrono Boost)  
  27  2:28  Twilight Council  
  27  2:31  Adept  
  27  2:33  Probe (Chrono Boost)  
  27  2:35  Probe (Chrono Boost)  
  31  2:43  Probe (Chrono Boost)  
  32  2:47  Probe (Chrono Boost)  
  33  2:52  Resonating Glaives  
  33  2:54  Probe (Chrono Boost)  
  33  2:57  Adept  
  37  2:59  Probe (Chrono Boost)  
  38  3:05  Probe (Chrono Boost)  
  39  3:13  Probe (Chrono Boost)  
  39  3:14  Gateway x2  
  40  3:20  Probe (Chrono Boost)  
  40  3:29  Probe (Chrono Boost)  
  40  3:30  Robotics Facility  
  40  3:31  Probe (Chrono Boost)  
  42  3:36  Adept  
  45  3:41  Probe (Chrono Boost), Pylon  
  45  3:42  Probe (Chrono Boost)  
  45  3:46  Pylon  
  46  3:52  Pylon  
  46  4:00  Mothership Core (Chrono Boost)  
  46  4:01  Probe (Chrono Boost)  
  49  4:12  Adept x3  
  49  4:14  Warp Prism  
  49  4:16  Probe (Chrono Boost)  
  56  4:19  Probe (Chrono Boost)  
  59  4:31  Probe x2 (Chrono Boost)  
  61  4:37  Pylon  
  61  4:39  Nexus  
  59  4:47  Sentry x3  
  59  4:50  Assimilator  
  59  4:51  Assimilator  
  65  4:59  Immortal  
  69  5:09  Probe (Chrono Boost), Pylon  
  69  5:11  Probe (Chrono Boost)  
  71  5:14  Pylon  
  71  5:23  Zealot x3  
  76  5:35  Probe (Chrono Boost)  
  73  5:38  Gateway  
  73  5:40  Gateway  
  73  5:41  Gateway  
  67  5:43  Gateway  
  67  5:47  Sentry x3  
  68  5:53  Immortal  
  68  5:57  Gateway  
  68  6:01  Pylon  
  68  6:03  Pylon  
  72  6:05  Pylon  
  72  6:14  Probe (Chrono Boost)  
  72  6:16  Probe (Chrono Boost)  
  74  6:25  Sentry x3  
  80  6:29  Nexus  
  80  6:30  Pylon  
  80  6:33  Pylon  
  80  6:44  Zealot  
  82  6:50  Adept x4  
  88  6:58  Observer  
  89  7:02  Sentry x2  
  89  7:05  Probe (Chrono Boost)  
  89  7:07  Probe (Chrono Boost), Zealot, Sentry  
  99  7:16  Probe (Chrono Boost)  
  99  7:19  Probe (Chrono Boost)  
  101  7:30  Stalker x6  
  101  7:31  Zealot x2  
  101  7:33  Pylon  
Show
View Real Time Build Order
Export as new Build Order

LiquidSnute Zerg 

Build Orders: Hatch First 

Get SALT Encoding   

  12  0:00  Drone  
  13  0:12  Overlord  
  13  0:17  Drone  
  14  0:31  Drone x2  
  14  0:35  Drone  
  17  0:50  Drone  
  18  0:58  Drone  
  18  1:00  Hatchery  
  18  1:04  Extractor  
  17  1:12  Spawning Pool  
  17  1:15  Drone  
  17  1:18  Drone  
  18  1:28  Drone  
  19  1:39  Overlord  
  19  1:50  Drone  
  20  1:58  Queen  
  20  2:00  Zergling x2  
  23  2:05  Metabolic Boost  
  23  2:11  Queen  
  23  2:12  Drone x2  
  27  2:28  Zergling x2  
  28  2:33  Hatchery  
  28  2:34  Zergling x2  
  28  2:38  Zergling x2  
  28  2:40  Drone  
  28  2:43  Drone  
  31  2:47  Overlord  
  31  2:54  Drone  
  31  2:55  Drone  
  33  3:06  Drone  
  33  3:07  Drone x3  
  33  3:08  Drone  
  33  3:11  Queen  
  40  3:18  Overlord  
  40  3:19  Zergling x4  
  40  3:23  Zergling x2  
  41  3:30  Roach Warren  
  41  3:33  Drone x2  
  42  3:35  Drone  
  42  3:38  Drone  
  42  3:40  Drone  
  45  3:42  Drone  
  45  3:44  Drone  
  45  3:46  Drone  
  48  3:48  Drone  
  48  3:53  Drone  
  48  3:54  Drone x2  
  52  3:58  Overlord  
  52  4:02  Overlord  
  52  4:11  Roach x2  
  52  4:15  Zergling x2  
  57  4:17  Roach x2  
  57  4:18  Roach x2  
  57  4:21  Zergling x2  
  57  4:22  Zergling x4  
  68  4:25  Overlord  
  68  4:26  Zergling x2  
  68  4:27  Zergling x2  
  68  4:29  Zergling x4  
  72  4:42  Queen  
  72  4:46  Zergling x2  
  72  4:47  Zergling x12  
  72  4:52  Zergling x4  
  81  4:56  Overlord  
  81  4:59  Spore Crawler  
  80  5:00  Spore Crawler  
  80  5:04  Zergling x2  
  80  5:05  Zergling x2, Evolution Chamber  
  80  5:10  Spore Crawler  
  79  5:19  Drone x8  
  87  5:25  Zergling x2  
  87  5:26  Zergling x4  
  82  5:38  Zergling x4  
  82  5:40  Overlord x2  
  78  5:45  Zergling x2  
  78  5:46  Zergling x6  
  78  5:47  Queen  
  77  5:52  Roach x2  
  73  5:59  Roach  
  73  6:03  Roach x2  
  75  6:12  Drone x7  
  75  6:18  Drone x2  
  83  6:23  Drone  
  84  6:25  Drone  
  84  6:28  Drone  
  84  6:30  Spore Crawler  
  84  6:31  Lair  
  84  6:36  Roach x2  
  88  6:41  Drone x3  
  88  6:42  Drone  
  81  6:56  Drone  
  81  6:57  Drone x6  
  86  7:01  Extractor, Drone  
  86  7:02  Drone x2  
  86  7:03  Queen  
  86  7:04  Baneling Nest, Drone  
  86  7:06  Extractor  
  86  7:08  Drone x2  
  87  7:18  Ravager  
  87  7:19  Zergling x2  
  87  7:20  Zergling x4  
  88  7:24  Zergling x2  
  88  7:28  Zergling x2  
  88  7:29  Zergling x4  
  92  7:36  Zergling x2  
  92  7:37  Extractor, Zergling x10  
  98  7:38  Roach x2  
  86  7:55  Ravager x2  
Tags
 
Add a new tag
Caveats
  • Supply blocks, unpowered buildings, or Contaminate may cause inaccurate times.
  • Supply counts are checked every 10 seconds.